 Dungeon Crawl Stone Soup version 0.14.0-12-g87ee3b7 (webtiles) character file.

4030 4tharraofdagon the Cleaver (level 9, -16/118 HPs)
             Began as a Minotaur Gladiator on Apr 16, 2014.
             Was a Follower of the Shining One.
             Demolished by an orc knight
             ... wielding a +0,+0 war axe
              (19 damage)
             ... on Level 10 of the Dungeon.
             The game lasted 00:21:17 (3178 turns).

4tharraofdagon the Cleaver (Minotaur Gladiator)     Turns: 3178, Time: 00:21:18

HP -16/118       AC 20     Str 27      XL: 9   Next: 88%
MP  23/23        EV  7     Int  7      God: the Shining One [*.....]
Gold 379         SH  0     Dex 10      Spells:  0 memorised,  8 levels left

rFire  . . .     SeeInvis .     G - +0 war axe
rCold  . . .     Clarity  .     J - +2 plate armour
rNeg   . . .     Conserve .     (no shield)
rPois  .         rCorr    .     x - +2 hat
rElec  .         rRot     .     (no cloak)
SustAb . .       Spirit   .     (no gloves)
rMut   .         Warding  .     k - +2 pair of boots
Saprov . . .     Stasis   .     m - amulet of rage
MR     .....                    (no ring)
                                D - ring of magical power

@: berserking (expiring), glowing, very quick, not resistant to hostile
enchantments, extremely unstealthy
A: retaliatory headbutt, horns 2
a: Renounce Religion, Evoke Berserk Rage


You were on level 10 of the Dungeon.
You worshipped the Shining One.
The Shining One was aware of your devotion.
You were not hungry.

You visited 2 branches of the dungeon, and saw 11 of its levels.
You also visited: Ossuary.

You collected 379 gold pieces.

Inventory:

Hand weapons
 a - a +0,+0 war axe
 e - a +0 blowgun
 G - a +0,+0 war axe (weapon)
 L - a +1,+2 flail
Missiles
 g - 7 tomahawks (quivered)
 i - 7 javelins of penetration
 j - 8 tomahawks of returning
 l - 18 darts
 C - 8 curare-tipped needles
Armour
 c - a +0 hat
 k - a +2 pair of boots (worn)
 x - a +2 hat (worn)
 J - a +2 plate armour (worn)
 M - a +3 chain mail
 O - a +1 pair of boots
Magical devices
 d - a wand of enslavement (11)
 h - a wand of fireball (4)
 u - a wand of confusion (13)
Comestibles
 b - 3 chunks of warg flesh
 f - 4 bread rations
Scrolls
 n - 2 scrolls of teleportation
 o - 2 scrolls of remove curse
 p - 3 scrolls of fear {unknown}
 r - 3 scrolls of magic mapping {unknown}
 y - 2 scrolls of recharging {unknown}
Jewellery
 m - an amulet of rage (around neck)
 D - a ring of magical power (left hand)
Potions
 q - 5 potions of curing
 s - 2 potions of might {unknown}
 v - a potion of poison {unknown}
 w - 3 potions of brilliance {unknown}
 z - a potion of cure mutation
 A - a potion of berserk rage
 B - a potion of restore abilities
 I - 3 potions of paralysis {unknown}
Books
 E - a book of Frost

   Spells                             Type                      Level
   Freeze                             Ice                          1
   Throw Frost                        Conjuration/Ice              2
   Ozocubu's Armour                   Charms/Ice                   3
   Throw Icicle                       Conjuration/Ice              4
   Summon Ice Beast                   Ice/Summoning                4
   Condensation Shield                Ice                          4
Magical staves
 H - an uncursed staff of wizardry {unknown}


   Skills:
 + Level 7.0 Fighting
 * Level 10.0 Axes
 - Level 2.0 Throwing
 + Level 6.1 Armour
 + Level 6.9 Dodging
 + Level 0.2 Invocations
 - Level 7.0 Evocations


You had 8 spell levels left.
You didn't know any spells.

Dungeon Overview and Level Annotations

Branches:
Dungeon (10/15)            Temple (1/1) D:4
    Orc: D:9-12        Lair: D:8-11

Altars:
Ashenzari
Cheibriados
Dithmenos
Elyvilon
Fedhas
Makhleb
Nemelex Xobeh
Okawaru
Sif Muna
Trog
Vehumet
Yredelemnul
The Shining One


Innate Abilities, Weirdness & Mutations

You reflexively headbutt those who attack you in melee.
You have a pair of horns on your head.


Message History

Unknown command.
Your plate armour prevents you from hitting the orc knight.
The orc knight is heavily wounded.
Unknown command.
Unknown command.
You hit the orc knight. Your headbutt misses the orc knight.
The orc knight is heavily wounded.
The orc knight barely misses you.
Unknown command.
Unknown command.
Unknown command.
You slash the orc knight!
The orc knight is severely wounded.
Unknown command.
Unknown command.
Unknown command.
You slash the orc knight!
The orc knight is almost dead.
The orc knight hits you with an uncursed war axe!
You die...

.#. . ..[... #. #.#...# #.
......# #. #.....# #.
#.....###########.
#.................
##########.................
....>....(@o#####..........
###########)#...#..........
#.#...#..........
#.#...#..########
#['...#..# #.#####..#
#...)....# #........#
#.)%.....#


You could see an orc knight.

Vanquished Creatures
  A troll (D:9)
  The ghost of Kae the Basher, an average MiFi of Okawaru (D:5)
  A wraith (D:9)
  4 wargs (D:10)
  Menkaure (D:6)
  A water moccasin (D:9)
  3 orc warriors
  5 ogres
  A sky beast (D:9)
  An ice beast (D:7)
  A centaur (D:8)
  A crocodile (D:9)
  A giant frog (D:8)
  7 wights (D:9)
  A giant goldfish zombie (D:9)
  A goliath beetle (D:9)
  3 crimson imps
  A quasit (D:9)
  9 orc priests
  A hound (D:9)
  4 orc wizards
  A jelly (D:9)
  Natasha (thrice) (D:4)
  3 worker ants
  An iguana (D:9)
  A mummy (Ossuary)
  6 adders
  An orc zombie (D:8)
  A big fish zombie (D:9)
  2 shadow imps
  A giant mite (D:4)
  An adder zombie (D:9)
  2 giant geckos
  An ooze (D:1)
  29 orcs
  A ball python (D:6)
  3 giant cockroaches
  6 goblins
  4 hobgoblins
  6 jackals
  8 kobolds
  3 quokkas
  6 bats
  A giant gecko skeleton (D:8)
  A giant newt (D:6)
  3 gnoll skeletons (Ossuary)
  A hobgoblin skeleton (D:4)
  8 kobold skeletons (Ossuary)
  A kobold zombie (D:7)
  7 orc skeletons (Ossuary)
  8 rats
  2 ballistomycetes
171 creatures vanquished.

Vanquished Creatures (others)
  A hound (D:8)
  2 giant spores
  A bush (D:8)
4 creatures vanquished.

Grand Total: 175 creatures vanquished

Notes
Turn   | Place    | Note
--------------------------------------------------------------
     0 | D:1      | 4tharraofdagon, the Minotaur Gladiator, began the quest for the Orb.
     0 | D:1      | Reached XP level 1. HP: 18/18 MP: 1/1
    74 | D:2      | Reached skill level 4 in Axes
   213 | D:2      | Reached XP level 2. HP: 8/25 MP: 1/1
   294 | D:3      | Found a shattered altar of Ashenzari.
   339 | D:3      | Reached XP level 3. HP: 14/30 MP: 2/2
   399 | D:4      | Noticed Natasha
   412 | D:4      | Killed Natasha
   441 | D:4      | Noticed Natasha
   444 | D:4      | Killed Natasha
   444 | D:4      | Reached skill level 1 in Evocations
   447 | D:4      | Reached XP level 4. HP: 30/38 MP: 2/2
   525 | D:5      | Entered Level 5 of the Dungeon
   676 | D:6      | Noticed Menkaure
   681 | D:6      | Killed Menkaure
   681 | D:6      | Reached skill level 5 in Axes
   681 | D:6      | Reached skill level 1 in Armour
   681 | D:6      | Reached XP level 5. HP: 45/45 MP: 2/3
   802 | D:7      | Found a sand-covered staircase.
   810 | Ossuary  | Entered an ossuary
   810 | Ossuary  | Noticed a guardian mummy
   810 | Ossuary  | Noticed a guardian mummy
   810 | Ossuary  | Noticed a guardian mummy
   877 | Ossuary  | Noticed a guardian mummy
   914 | Ossuary  | Noticed 4tharraofdagon's ghost (experienced MiGl)
   942 | D:7      | Noticed an ice beast
   954 | D:7      | Killed an ice beast
   954 | D:7      | Reached XP level 6. HP: 26/52 MP: 3/5
  1127 | D:5      | Noticed Kae's ghost (average MiFi)
  1535 | D:4      | Noticed Natasha
  1540 | D:4      | Killed Natasha
  1547 | D:4      | Reached skill level 6 in Axes
  1601 | D:4      | Reached XP level 7. HP: 59/59 MP: 6/6
  1634 | D:4      | Found a staircase to the Ecumenical Temple.
  1644 | Temple   | Entered the Ecumenical Temple
  1666 | Temple   | Became a worshipper of the Shining One
  1719 | D:5      | Killed Kae's ghost
  1788 | D:8      | Reached skill level 5 in Dodging
  1796 | D:8      | Reached skill level 7 in Axes
  1856 | D:8      | Reached skill level 5 in Fighting
  1856 | D:8      | Reached XP level 8. HP: 66/68 MP: 8/8
  1877 | D:8      | Found a blossoming altar of Fedhas.
  2020 | D:8      | Found a bloodstained altar of Trog.
  2026 | D:8      | Found a radiant altar of Vehumet.
  2185 | D:9      | Reached skill level 8 in Axes
  2185 | D:9      | Reached skill level 5 in Evocations
  2224 | D:7      | Found an iron altar of Okawaru.
  2246 | D:8      | Noticed a seven-headed hydra zombie
  2357 | D:9      | Noticed a troll
  2363 | D:9      | Killed a troll
  2363 | D:9      | Reached skill level 5 in Armour
  2400 | D:9      | Found a burning altar of Makhleb.
  2438 | D:9      | Reached XP level 9. HP: 54/75 MP: 12/12
  2445 | D:9      | Found a basalt altar of Yredelemnul.
  2503 | D:9      | Acquired the Shining One's first power
  2578 | D:9      | Reached skill level 9 in Axes
  2753 | D:10     | Entered Level 10 of the Dungeon
  3067 | D:10     | Reached skill level 10 in Axes
  3133 | D:10     | Noticed an orc knight
  3174 | D:10     | HP: 3/118 [orc knight/uncursed war axe (5)]
  3178 | D:10     | Demolished by an orc knight

Action                   |  1- 3 |  4- 6 |  7- 9 || total
-------------------------+-------+-------+-------++-------
Melee: War axe           |    45 |   108 |   221 ||   374
Throw: Throwing net      |     4 |     4 |     1 ||     9
       Tomahawk          |       |       |     2 ||     2
 Abil: Evoke Berserk Rag |     1 |     2 |    14 ||    17
Evoke: Wand              |       |     2 |     2 ||     4
  Use: Potion            |     2 |     2 |     2 ||     6
       Scroll            |       |     3 |     5 ||     8
